 Dungeon Crawl Stone Soup version 0.20-a0-263-g81abdfb (webtiles) character file.

114 Lochraine the Ruffian (level 4, 0/35 HPs)
             Began as a Draconian Transmuter on Dec 4, 2016.
             Slain by an orc priest
             ... wielding a +0 hand axe
              (3 damage)
             ... on level 3 of the Dungeon.
             The game lasted 00:06:17 (2292 turns).

Lochraine the Ruffian (Draconian Transmuter)        Turns: 2292, Time: 00:06:18

Health: 0/35       AC:  5    Str: 11 (12) XL:     4   Next: 67%
Magic:  6/8        EV: 12    Int: 17 (20) God:
Gold:   160        SH:  0    Dex:  8 (11) Spells: 6/9 levels left

rFire  . . .     SeeInvis .       - Unarmed
rCold  . . .     Gourm    .     (armour unavailable)
rNeg   . . .     Faith    .     (no shield)
rPois  .         Spirit   .     (helmet restricted)
rElec  .         Reflect  .     (no cloak)
rCorr  .         Harm     .     (no gloves)
MR     .....                    (no boots)
Stlth  +.........               (no amulet)
                                (no ring)
                                (no ring)

@: brilliant, appendage (expiring), very slightly contaminated, invisible
A: unfitting armour, horns 2, cold-blooded, AC +5
a: End Transformation


You were on level 3 of the Dungeon.
You were not hungry.
You had grown temporary horns.
You visited 1 branch of the dungeon, and saw 3 of its levels.

You collected 160 gold pieces.

Inventory:

Missiles
 a - 33 arrows
 n - a throwing net (quivered)
 s - 7 silver javelins
Scrolls
 d - a scroll of recharging {unknown}
 e - a scroll of fog {unknown}
 f - 3 scrolls of fear {unknown}
 g - 2 scrolls of amnesia {unknown}
 j - a scroll of enchant armour {unknown}
 l - 4 scrolls of teleportation {unknown}
 m - a scroll of random uselessness {unknown}
 p - 3 scrolls of identify {unknown}
 r - a scroll of enchant weapon {unknown}
Potions
 h - a potion of flight
Books
 b - a book of Changes

   Spells                             Type                      Level
   a - Beastly Appendage              Transmutation                1
   b - Sticks to Snakes               Transmutation                2
   c - Spider Form                    Transmutation/Poison         3
   d - Ice Form                       Ice/Transmutation            4
   e - Blade Hands                    Transmutation                5
Comestibles
 c - 2 bread rations
 i - a chunk of flesh


   Skills:
 - Level 1.1 Fighting
 - Level 1.7 Dodging
 + Level 4.0 Unarmed Combat
 + Level 3.1 Spellcasting
 + Level 3.1 Transmutations


You had 6 spell levels left.
You knew the following spells:

 Your Spells              Type           Power        Failure   Level  Hunger
a - Beastly Appendage     Tmut           ###...       1%          1    None
b - Sticks to Snakes      Tmut           ###.....     1%          2    ##.....


Dungeon Overview and Level Annotations

Branches:
Dungeon (3/15)

Altars:
Hepliaklqana
Okawaru


Innate Abilities, Weirdness & Mutations

Your plain brown scales are hard. (AC +5)
You cannot fit into any form of body armour.
You are cold-blooded and may be slowed by cold attacks.
You have a pair of horns on your head.


Message History

Your ball python closely misses the orc priest.
The orc priest hits you with a hand axe.
* * * LOW HITPOINT WARNING * * *
The orc priest hits your ball python with a hand axe.
Your ball python dies!
You are very lightly contaminated with residual magic.
It was a potion of brilliance.
You feel clever all of a sudden.
It was a potion of degeneration.
There was something very wrong with that liquid.
You feel weakened.
You feel dopey.
You feel clumsy.
Your transformation is almost over.
The orc priest barely misses you.
You hit the orc priest.
The orc priest is heavily wounded.
The orc priest begins to cast a cantrip, but forgets the words!
You hit the orc priest.
The orc priest is heavily wounded.
The orc priest hits you with a hand axe.
You die...

..# #.........# ..# #.........#
..#####......##.#
.............##.#
##.#######(..##.# ##+### #...##.#
.....# #....#.# ###########
.....# #....#o#####.........#
.....#####......@.............#
.....#.........#.♣.♣.#........#
.....#........................#
.#'###...(.....♣.♣.♣.♣........###
.#.# #............_..............
.#.# #.........♣.♣.♣.♣.........##
##.# #.........................#
#.# #.........#.♣.♣.#.<.......#
#.# #........................###


You could see an orc priest.

Vanquished Creatures
  A worker ant (D:3)
  2 adders
  An ooze (D:1)
  A worm (D:2)
  A dart slug (D:2)
  3 leopard geckos
  3 orcs (D:3)
  A ball python (D:2)
  5 bats
  3 giant cockroaches
  4 goblins
  9 hobgoblins
  A quokka (D:2)
  6 frilled lizards
  7 kobolds
  9 rats
57 creatures vanquished.

Vanquished Creatures (collateral kills)
  An orc (D:3)
1 creature vanquished.

Grand Total: 58 creatures vanquished

Notes
Turn   | Place    | Note
-------+----------+-------------------------------------------
     0 | D:1      | Lochraine the Draconian Transmuter began the quest for the Orb.
     0 | D:1      | Reached XP level 1. HP: 16/16 MP: 3/3
   212 | D:1      | Reached XP level 2. HP: 23/23 MP: 5/5
   502 | D:1      | Reached XP level 3. HP: 24/28 MP: 6/6
  1020 | D:2      | Learned a level 2 spell: Sticks to Snakes
  1023 | D:2      | Found a hazy altar of Hepliaklqana.
  1506 | D:3      | Found an iron altar of Okawaru.
  1599 | D:3      | Reached XP level 4. HP: 33/35 MP: 6/8
  2170 | D:3      | Reached skill level 4 in Unarmed Combat
  2292 | D:3      | Slain by an orc priest

Vault maps used:
D:1:      erik_arrival_cave_to_civilisation
D:2:      nicolae_overflow_hidden_temple
D:3:      okawaru_trees_1, first_bread

Skill      XL: |  1  2  3  4 |
---------------+-------------+-----
Spellcasting   | 3 |  3.1
Transmutations | 3 |  3.1
Unarmed Combat | 4 |  4.0
Fighting       | |  1.1
Dodging        | |  1.7

Action                   |  1- 3 |  4- 6 || total
-------------------------+-------+-------++-------
Melee: Unarmed           |   159 |    60 ||   219
       Tailslap          |    13 |     5 ||    18
       Kick              |     4 |       ||     4
       Headbutt          |     1 |     3 ||     4
       Punch             |       |     1 ||     1
 Cast: Beastly Appendage |     4 |     5 ||     9
       Sticks to Snakes  |       |     1 ||     1
  Use: Potion            |       |     5 ||     5
 Stab: Sleeping          |     2 |       ||     2
  Eat: Chunk             |     2 |     3 ||     5
Armor: Skin              |    40 |    15 ||    55
Dodge: Dodged            |   106 |    30 ||   136
